 Dungeon Crawl Stone Soup version 0.28.0-53-g5a82cb258f (webtiles) character file.

Game seed: 5268396058928227562

96 Zeld the Digger (level 4, -1/24 HPs)
             Began as a Gargoyle Earth Elementalist on June 3, 2022.
             Killed from afar by an orc wizard (7 damage)
             ... with a puff of flame
             ... on level 3 of the Dungeon.
             The game lasted 00:04:22 (2987 turns).

Zeld the Digger (Gargoyle Earth Elementalist)       Turns: 2987, Time: 00:04:22

Health: -1/24      AC:  6    Str: 12    XL:     4   Next: 67%
Magic:  8/8        EV: 11    Int: 17    God:
Gold:   144        SH:  0    Dex: 10    Spells: 3/9 levels left

rFire   . . .      SeeInvis .   (no weapon)
rCold   . . .      Faith    .   (no shield)
rNeg    + . .      Spirit   .   b - +0 robe
rPois   ∞          Reflect  .   (no helmet)
rElec   +          Harm     .   j - +0 cloak
rCorr   .          Rampage  .   (no gloves)
Will    .....                   (no boots)
Stlth   +.........              (no amulet)
HPRegen 0.08/turn               (no ring)
MPRegen 0.11/turn               (no ring)

@: confused
A: sickness immunity, AC +3, negative energy resistance 1, electricity
resistance, torment resistance 1, petrification resistance
a: no special abilities


You were on level 3 of the Dungeon.
You visited 1 branch of the dungeon, and saw 3 of its levels.

You collected 144 gold pieces.

Inventory:

Missiles
 c - a stone
Armour
 b - a +0 robe (worn)
 j - a +0 cloak (worn)
Jewellery
 h - a ring of protection from cold
Scrolls
 a - 2 scrolls of teleportation {unknown}
 e - a scroll of torment {unknown}
 f - 2 scrolls of identify {unknown}
 k - a scroll of magic mapping {unknown}
Potions
 d - a potion of might {unknown}
 g - 2 potions of cancellation {unknown}
 i - a potion of lignification {unknown}


   Skills:
 - Level 1.5 Dodging
 - Level 2.1 Stealth
 * Level 3.0 Spellcasting
 + Level 0.7 Conjurations
 + Level 1.5 Transmutations
 * Level 4.8 Earth Magic


You had 3 spell levels left.
You knew the following spells:

 Your Spells              Type           Power      Damage    Failure   Level
a - Sandblast             Erth           38%        2d10      2%          1
b - Passwall              Tmut/Erth      10%        N/A       7%          2
c - Stone Arrow           Conj/Erth      24%        3d8       16%         3

Your spell library contained the following spells:

 Spells                   Type           Power      Damage    Failure   Level
 Petrify                  Tmut/Erth      13%        N/A       43%         4


Dungeon Overview and Level Annotations

Branches:
Dungeon (3/15)

Altars:
Makhleb


Innate Abilities, Weirdness & Mutations

You are immune to sickness and miasma.
Your stone body is resilient. (AC +3)
You are immune to poison.
You resist negative energy. (rN+)
You are resistant to electric shocks. (rElec)
You are resistant to unholy torment.
You are immune to petrification.


Message History

You start resting.
HP restored.
You climb downwards.
There is a stone staircase leading up here.
Magic restored.
Found a stone staircase leading down.
Things that are here:
a +0 leather armour; a +0 short sword
Things that are here:
a +0 war axe; a +0 short sword
Things that are here:
a +0 scale mail; a +0 hand axe; an orc corpse The orc wizard shouts!
Things that are here:
a +0 scale mail; a +0 dagger; an orc corpse The orc wizard casts a spell at you.
You are confused.
You're too confused to move!
You bump into the rock wall.
The orc wizard hits you but does no damage.
You bump into the rock wall.
The orc wizard closely misses you. The orc wizard casts a spell at you.
You are more confused.
The orc wizard gestures at you while chanting.
You are more confused.
Things that are here:
a +0 scale mail; a +0 dagger; an orc corpse The orc wizard points at you and mumbles some strange words.
The puff of flame hits you!
You bump into the rock wall.
The orc wizard casts a spell at you. The magic dart hits you!
Unknown command.
The orc wizard hits you with a +0 dagger.
* * * LOW HITPOINT WARNING * * *
Things that are here:
a +0 war axe; a +0 short sword The orc wizard casts a spell at you.
The puff of flame hits you!
You die...

....<# #......._.....##
..##.# #.######.#.#..#
.. ### #.#......†.#..#
. #.#.###.......#
#.#.#.#.#.....#
#.#.#........#####
#.#.#.####.......# #
#.....#..[<#####.#.#
##.......@)o...^...#
######.####[[##.#######
#.# #...!......#.##
.......#.##.####. #..
..?..).#.# ....$##..
........+.# ##...'..
.........### #.###..
..........# ....'..
....... #.###..


You could see an orc wizard.

Vanquished Creatures
  An orc priest (D:3)
  An adder (D:2)
  2 worms
  A dart slug (D:2)
  7 orcs (D:3)
  An endoplasm (D:2)
  5 hobgoblins
  5 kobolds
  3 quokkas
  3 ball pythons
  5 bats
  3 frilled lizards (D:2)
  2 goblins
  6 rats
45 creatures vanquished.

Notes
Turn   | Place    | Note
-------+----------+-------------------------------------------
     0 | D:1      | Zeld the Gargoyle Earth Elementalist began the quest for
                  | the Orb.
     0 | D:1      | Reached XP level 1. HP: 10/10 MP: 3/3
   657 | D:1      | Reached skill level 1 in Transmutations
   657 | D:1      | Reached XP level 2. HP: 15/15 MP: 0/5
   930 | D:1      | Learned a level 2 spell: Passwall
  1315 | D:2      | Reached skill level 4 in Earth Magic
  1584 | D:2      | Found a faded altar of an unknown god.
  1611 | D:2      | Reached XP level 3. HP: 18/19 MP: 0/6
  1622 | D:2      | Learned a level 3 spell: Stone Arrow
  2760 | D:3      | Found a burning altar of Makhleb.
  2839 | D:3      | Reached XP level 4. HP: 24/24 MP: 6/8
  2987 | D:3      | Killed from afar by an orc wizard

Illustrated notes

Levels and vault maps discovered:
D:1:      nicolae_arrival_washed_ashore, layout_basic
D:2:      minmay_chambers_of_ones, layout_loops_cross, basic_ecumenical_altar,
          minivault_23, minmay_misc_feat_columns
D:3:      layout_basic, marbit_many_paths, lemuel_crystal_altar,
          nzn_wu_jian_council_hall, grunt_ministairs_12, feat_on_display

Skill      XL: |  1  2  3  4 |
---------------+-------------+-----
Transmutations | 1 |  1.5
Earth Magic    | 4 |  4.8
Spellcasting   | 3 |  3.0
Dodging        | |  1.5
Stealth        | |  2.1
Conjurations   | |  0.7

Action                   |  1- 3 |  4- 6 || total
-------------------------+-------+-------++-------
Melee: Unarmed           |    24 |       ||    24
 Cast: Sandblast         |    65 |    10 ||    75
 Stab: Sleeping          |     4 |       ||     4
Armor: Robe              |    17 |     1 ||    18
Dodge: Dodged            |    28 |     1 ||    29
